Croesus, chaotic female elven Ranger ------- |.....| |...#.| -------------- ------ |....*.###### |.............####.....| -----.- # |............| ###|....| # ### |..<.........| +....| ### # |............+ |^...| # ##.............| --.--- # -------------- # ----.------- # |..........| ##d |...^.......## # |..........| # -@- |...........#########################`|.h. ----|-----.- |...| # # |...| ----- Croesus the Tenderfoot Experience level: 1 Strength: 10 Dexterity: 13 Constitution: 15 Intelligence: 13 Wisdom: 14 Charisma: 7 Health: 0(13) Energy: 4(4) Def: 3 Gold: 338 Moves: 1564 Dungeon seed: 6xZmsQwI7-eMmySs Game ID: Croesus_1563317003 Your Inventory: Weapons a - an uncursed +1 elven dagger (weapon in hand) b - an uncursed +1 elven bow (alternate weapon; not wielded) c - 49 uncursed +2 elven arrows (in quiver) d - 31 uncursed +0 elven arrows k - an uncursed +0 orcish dagger Armor e - an uncursed +2 elven cloak (being worn) n - an uncursed +0 orcish helm Comestibles f - 5 uncursed lembas wafers m - an uncursed food ration Spellbooks g - an uncursed spellbook of charging Tools i - an uncursed oil lamp (0:1205) Gems q - an uncursed worthless piece of green glass Coins $ - 338 gold pieces Spells and supernatural/magical abilities: Name Level Category Cost Memory W - pray for help -- divine ? -- Your skills at the end: Fighting Skills wands [Basic] Weapon Skills dagger [Basic] bow [Basic] Spellcasting Skills Final Attributes: You were piously aligned. You were immune to sleep. You saw invisible. You had automatic searching. You had infravision. You were stealthy. You were lucky. Mars was noncommittal. You are dead. Vanquished creatures: 2 giant rats a gnome 5 jackals a fox 2 goblins 7 grid bugs 3 bats 3 lichens 4 newts 28 creatures vanquished. Voluntary challenges: You followed a strict vegan diet. You were an atheist. You used a wielded weapon 3 times, starting on turn 331. You read items or engraved 1 time, starting on turn 157. You never genocided any monsters. You never polymorphed an object. You never changed form. You used no wishes. You never split a pudding. You never wrote Elbereth's name. You never violated your personal moral code. Dungeon overview: The Dungeons of Doom: levels 1 to 4 Level 1 a fountain, a vault a long staircase Level 2 stairs to The Gnomish Mines Level 3 a general store Level 4 <- You were here a sink The Gnomish Mines: levels 3 to 4 Level 3 stairs to The Dungeons of Doom Level 4 History has recorded: On T:1 you entered the Dungeons of Doom to retrieve the Amulet of Yendor! On T:122 you reached level 2 of The Dungeons of Doom. On T:580 you reached level 1 of The Gnomish Mines. On T:592 you reached level 2 of The Gnomish Mines. On T:743 you reached level 3 of The Dungeons of Doom. On T:1047 you reached level 4 of The Dungeons of Doom. Score breakdown: Gold: 338 ( 8606 points) Experience: 1 level ( 0 points) Exploration: 4 levels ( 8.16%) ( 7500 points) Discoveries: 1 item ( 0.34%) ( 1746 points) Valuables value: (no points given unless you survive) Artifact value: 0 ( 0 points) Variety of kills: 9 monsters ( 2.37%) ( 4616 points) Turncount: 1564 turns ( 0 points) Survival: died (score multiplied by 80%) Total score: 17974 Latest messages: With great effort you move the boulder. You try to move the boulder, but in vain. (2x) You displace Sirius. The door resists! The door opens. You stop. Sirius is in the way! You displace Sirius. $ - 33 gold pieces. You see here a green gem. q - a green gem. You stop exploring. You find a trap door. The door resists! (2x) The door opens. The hobbit hurls a milky potion! You stop exploring. The flagon crashes on your head and breaks into shards. Something seems to be holding you. It must be a potion of paralysis. The hobbit wields a dagger! The dagger welds itself to the hobbit's hand! The hobbit thrusts her dagger at you. The hobbit hits! The hobbit thrusts her dagger at you. The hobbit hits! You die... Final status: Goodbye Croesus the Ranger, killed by a hobbit, while frozen by potion vapours... You died in The Dungeons of Doom on dungeon level 4 with 17974 points, and 338 pieces of gold, after 1564 moves. You were level 1 with a maximum of 13 hit points when you died.